 Dungeon Crawl Stone Soup version 0.19-a0-1875-g4fea3da (webtiles) character file.

129642 vev the Nimble (level 15, -29/128 HPs)
             Began as a Demigod Wizard on Oct 13, 2016.
             Annihilated by a vault warden
             ... wielding a +2 long sword
              (55 damage)
             ... on level 1 of the Vaults.
             The game lasted 04:32:18 (41572 turns).

vev the Nimble (Demigod Wizard)                    Turns: 41572, Time: 04:32:18

Health: -29/128    AC: 16    Str:  8    XL:     15   Next: 73%
Magic:  9/35       EV: 30    Int: 41    God:
Gold:   3219       SH:  6    Dex: 20    Spells: 13 memorised, 3 levels left

rFire  + + +     SeeInvis .     a - +3 morningstar of Causality {flame, rF+ Int+7}
rCold  . . .     Gourm    .     w - +1 leather armour "Tunweobi" {rElec rF- rN+++ Str-2}
rNeg   + + +     Faith    .     T - +0 buckler
rPois  +         Spirit   .     J - +0 hat of Woysiler {*Contam rPois rF+ Int+2}
rElec  +         Dismiss  .     B - +2 cloak of Masochism {rF+}
rCorr  .         Reflect  .     X - +2 pair of gloves {Dex+3}
MR     +....     Harm     .     P - +2 pair of boots
Stlth  ++++......               N - amulet of magic regeneration
                                R - +3 ring of protection
                                S - +4 ring of evasion

@: agile, very slightly contaminated, repel missiles
A: clumsy 1, fire resistance 2, high mp 1, sense surroundings 1
a: no special abilities
}: 1/15 runes: decaying


You were on level 1 of the Vaults.
You were not hungry.

You visited 5 branches of the dungeon, and saw 28 of its levels.
You also visited: Ossuary and Ice Cave.

You collected 4370 gold pieces.
You spent 1151 gold pieces at shops.

Inventory:

Hand Weapons
 a - the +3 morningstar of Causality (weapon) {flame, rF+ Int+7}
   (You bought it in a shop on level 2 of the Orcish Mines)

   It has been specially enchanted to burn those struck by it, causing extra
   injury to most foes and up to half again as much damage against particularly
   susceptible opponents.
   It affects your intelligence (+7).
   It protects you from fire.
Missiles
 r - 3 throwing nets (quivered)
Armour
 w - the +1 leather armour "Tunweobi" (worn) {rElec rF- rN+++ Str-2}
   (You bought it in a shop on level 11 of the Dungeon)

   It affects your strength (-2).
   It makes you vulnerable to fire.
   It insulates you from electricity.
   It renders you almost immune to negative energy.
 B - the +2 cloak of Masochism (worn) {rF+}
   (You found it on level 6 of the Lair of Beasts)

   It protects you from fire.
 J - the +0 hat of Woysiler (worn) {*Contam rPois rF+ Int+2}
   (You found it on level 6 of the Dungeon)

   It affects your intelligence (+2).
   It protects you from fire.
   It protects you from poison.
   It causes magical contamination when unequipped.
 P - a +2 pair of boots (worn)
 T - a +0 buckler (worn)
 X - a +2 pair of gloves of dexterity (worn)
Magical Staves
 b - an uncursed staff of power
Jewellery
 c - an uncursed ring of protection from cold
 v - an uncursed ring of see invisible
 N - an amulet of magic regeneration (around neck)
 R - a +3 ring of protection (right hand)
 S - a +4 ring of evasion (left hand)
Wands
 f - a wand of hasting (4/9)
 i - a wand of lightning (6/15)
 n - a wand of digging (7/24)
 y - a wand of disintegration (6/24)
 L - a wand of teleportation (6/9)
Scrolls
 h - 2 scrolls of fog
 j - 10 scrolls of remove curse
 p - 5 scrolls of teleportation
 t - 4 scrolls of amnesia
 u - 5 scrolls of magic mapping
 x - 6 scrolls of enchant armour
 E - a scroll of summoning
 G - 3 scrolls of blinking
 M - 4 scrolls of recharging
 Q - 2 scrolls of fear
Potions
 e - 6 potions of cancellation
 g - 2 potions of heal wounds
 l - 2 potions of brilliance
 m - 6 potions of might
 o - 2 potions of resistance
 q - 8 potions of curing
 s - a potion of ambrosia
 z - 2 potions of agility
 A - 2 potions of magic
 C - 2 potions of invisibility
 D - a potion of haste
 H - 4 potions of berserk rage
 V - a potion of flight
Books
 O - a book of Alchemy

   Spells                             Type                      Level
   a - Sublimation of Blood           Necromancy                   2
   b - Ignite Poison                  Fire/Transmutation/Poison    3
   c - Petrify                        Transmutation/Earth          4
   d - Alistair's Intoxication        Transmutation/Poison         5
   e - Irradiate                      Conjuration/Transmutation    5
Miscellaneous
 Y - a fan of gales
Comestibles
 d - 17 bread rations
 k - 12 beef jerkies
 K - 2 meat rations
 U - 26 fruits
 Z - 17 royal jellies


   Skills:
 - Level 10.5 Fighting
 - Level 7.9 Maces & Flails
 - Level 11.9 Dodging
 - Level 6.0 Stealth
 - Level 4.2 Shields
 - Level 11.7 Spellcasting
 - Level 10.7 Conjurations
 - Level 7.3 Summonings
 - Level 5.1 Translocations
 + Level 1.0 Transmutations
 + Level 1.3 Fire Magic
 - Level 5.5 Air Magic
 - Level 3.5 Earth Magic
 + Level 1.1 Poison Magic


You had 3 spell levels left.
You knew the following spells:

 Your Spells              Type           Power        Failure   Level  Hunger
b - Blink                 Tloc           N/A          1%          2    None
c - Conjure Flame         Conj/Fire      ######..     1%          3    None
d - Stone Arrow           Conj/Erth      ######       1%          3    None
e - Ignite Poison         Fire/Tmut/Pois ####....     4%          3    None
f - Mephitic Cloud        Conj/Pois/Air  ######..     1%          3    None
i - Summon Butterflies    Summ           ######..     1%          1    None
m - Repel Missiles        Chrm/Air       #####.       1%          2    None
p - Passwall              Tmut/Erth      #####.....   1%          2    None
q - Summon Lightning Spi  Summ/Air       ######..     1%          4    None
s - Call Canine Familiar  Summ           ######..     1%          3    None
t - Sublimation of Blood  Necr           ###.......   3%          2    None
w - Summon Forest         Summ/Tloc      ######....   4%          5    None
z - Apportation           Tloc           ######....   1%          1    None


Dungeon Overview and Level Annotations

Branches:
Dungeon (15/15)            Temple (0/1) D:6            Lair (6/6) D:8
  Swamp (4/4) Lair:2        Snake (0/4) Lair:3        Slime (0/5) Lair:6
    Orc (2/2) D:11            Elf (0/3) Orc:2        Vaults (1/5) D:14
 Depths: D:15

Shops:
D:9 [%   D:11 [   Orc:1 !   Orc:2 *?%(*

Annotations:
D:9 exclusion: downstairs
D:15 exclusions: ice dragon and 1 more exclusion


Innate Abilities, Weirdness & Mutations

You have an increased reservoir of magic. (+10% MP)
You are clumsy. (Dex -2)
Your flesh is very heat resistant. (rF++)
You passively map a small area around you.


Message History

The vault warden is engulfed in noxious fumes.
The vault warden hits your warg with an enchanted long sword!!
Your warg dies!
Your warg's corpse disappears in a puff of smoke!
Unknown command.
Casting: Mephitic Cloud
Confirm with . or Enter, or press ? or * to list all spells.
You ignite the poison in your surroundings!
Your lightning spire is engulfed in roaring flames.
The vault warden is engulfed in roaring flames.
Unknown command.
Unknown command.
You feel agile all of a sudden.
Your lightning spire is engulfed in roaring flames.
You hit the vault warden but do no damage.
The vault warden is heavily wounded.
Your lightning spire disappears in a puff of smoke!
The vault warden is engulfed in roaring flames.
The vault warden hits you with an enchanted long sword!!!
You die...

, , , , , , #........ ,
#...?...# * ** ****
,+.......# , , #.......#,, ,
, * , #.......# ,, ,, ,
#.......# #♣#♣+♣'#♣♣#*
##.......######@§...)...# *
.............##p♣)...♣#.#
.............##§§§(())..# ,
####..........#♣#♣##+♣#♣♣#*..
#>.#..........#####.h.#* ##..
'..#.............##...# .....
#..#.............##...#*...,
#..#...........♣.##'####.#
#..#.....................# ,
,


You could see a vault warden.

Vanquished Creatures
  Gastronok (D:9)
  2 thorn hunters
  A very ugly thing (IceCv)
  The ghost of vev the Covert, a journeyman NaWz of Sif Muna (Lair:3)
  An ettin (Orc:2)
  A fire dragon (Vaults:1)
  16 hydras
  2 dancing weapons (D:14)
  3 death yaks (Lair:4)
  10 alligators
  3 skeletal warriors (D:14)
  3 unseen horrors
  A shambling mangrove (Swamp:4)
  The ghost of Miyamura the Changer, a novice MfTm of Hepliaklqana (D:7)
  6 swamp dragons (Swamp:4)
  3 spriggan druids
  A wizard (D:14)
  A harpy (shapeshifter) (D:15)
  2 orc knights
  9 hill giants
  Pikel (D:8)
  8 ugly things
  An orc sorcerer (Orc:2)
  A wolf spider zombie (D:15)
  A wolf spider (D:12)
  A manticore (D:12)
  8 elephants
  4 black mambas
  A cyclops (Vaults:1)
  An ice statue (IceCv)
  11 spiny frogs
  A vault sentinel (Vaults:1)
  A spiny frog (shapeshifter) (D:14)
  5 komodo dragons
  A kobold demonologist (D:13)
  An anaconda simulacrum (IceCv)
  A queen bee (D:12)
  2 trolls
  2 meliai (D:12)
  4 hornets
  The ghost of p0werm0de the Insei, an amateur HuCK of Xom (D:4)
  A tyrant leech (Swamp:3)
  7 blink frogs
  6 slime creatures
  3 dream sheep (Lair:6)
  8 bog bodies
  11 hippogriffs
  A spriggan (Swamp:1)
  2 shadows
  2 wraiths
  2 yaks
  5 wyverns
  A basilisk (Lair:6)
  13 vampire mosquitoes
  2 hogs (Swamp:1)
  Menkaure (D:7)
  A steam dragon (D:12)
  2 hungry ghosts
  A human simulacrum (Vaults:1)
  An insubstantial wisp (Swamp:1)
  4 mottled dragons
  16 swamp worms
  5 water moccasins
  2 hydra simulacra (IceCv)
  6 porcupines
  9 swamp drakes
  A hornet zombie (D:12)
  9 orc warriors
  3 sky beasts
  6 ice beasts
  2 slaves (D:8)
  2 phantoms
  3 black bears
  5 necrophages
  6 ogres
  2 eyes of draining
  6 wolves
  8 centaurs
  11 crocodiles
  2 big kobolds
  8 bullfrogs
  A gnoll sergeant (D:11)
  A scorpion (D:8)
  10 wights
  13 killer bees
  An electric eel (Lair:2)
  2 howler monkeys
  7 crimson imps
  A jelly (D:9)
  A quasit (D:8)
  2 bullfrog zombies
  2 centaur zombies
  3 bullfrog skeletons
  2 hounds
  A gnoll shaman (D:7)
  3 orc priests
  4 centaur skeletons
  25 orc wizards
  4 iguanas
  Natasha (thrice) (D:3 D:5)
  5 worker ants
  2 hell rats (Lair:6)
  2 hound zombies
  14 mummies
  A howler monkey zombie (D:11)
  Robin (D:3)
  6 adders
  16 gnolls
  3 worker ant zombies
  6 shadow imps
  An ooze (D:6)
  2 adder skeletons (D:7)
  A worm (Lair:3)
  2 dart slugs
  12 leopard geckos
  50 orcs
  9 giant cockroaches
  17 goblins
  13 hobgoblins
  5 jackals
  6 quokkas
  6 bats
  3 frilled lizards
  2 gnoll skeletons (Ossuary)
  2 goblin skeletons (Ossuary)
  A jackal skeleton (D:7)
  14 kobolds
  A kobold skeleton (Ossuary)
  3 orc skeletons (Ossuary)
  A quokka skeleton (D:4)
  6 rats
  11 rat skeletons (Ossuary)
  3 briar patches (Swamp:3)
  A fungus (Lair:5)
  A snaplasher vine (Swamp:4)
626 creatures vanquished.

Vanquished Creatures (collateral kills)
  the Lernaean hydra (Swamp:4)
  2 thorn hunters
  Kirke (Swamp:1)
  2 very ugly things
  11 hydras
  A vault guard (Vaults:1)
  A ghost crab (Swamp:2)
  3 centaur warriors
  3 alligators
  3 death yaks (Lair:6)
  2 tengu warriors (D:14)
  4 swamp dragons
  2 shambling mangroves
  2 ironbrand convokers (Vaults:1)
  A wolf spider zombie (D:12)
  2 ugly things
  5 orc sorcerers
  A deep elf mage (D:15)
  A cyclops (D:15)
  A manticore (D:14)
  11 elephants
  A black mamba (Lair:2)
  2 centaur zombies
  4 ice statues (IceCv)
  A gargoyle (D:13)
  7 spiny frogs
  8 komodo dragons
  A rime drake (Lair:6)
  An anaconda simulacrum (IceCv)
  3 kobold demonologists
  A tengu conjurer (D:15)
  A golden dragon simulacrum (IceCv)
  A meliai (D:12)
  A troll (D:12)
  3 tyrant leeches
  A polar bear (Lair:4)
  A two-headed ogre (Orc:2)
  4 hornets (Swamp:1)
  8 slime creatures
  8 bog bodies
  16 blink frogs
  4 dream sheep (Lair:6)
  2 hippogriffs
  4 spriggans
  23 yaks
  Grum (Lair:1)
  A hog (Swamp:1)
  A steam dragon (D:14)
  A basilisk (Lair:3)
  2 harpy simulacra (IceCv)
  11 vampire mosquitoes
  8 insubstantial wisps (Swamp:1)
  5 nagas (Lair:3)
  A mottled dragon (Lair:6)
  8 wargs
  11 swamp worms
  2 hydra simulacra (IceCv)
  4 water moccasins
  7 orc warriors
  A porcupine (Lair:4)
  8 swamp drakes
  A phantom (D:10)
  An eye of draining (D:10)
  6 ice beasts (IceCv)
  3 wolves (Lair:1)
  2 ogres
  4 centaurs (D:13)
  A crocodile (Lair:2)
  7 big kobolds
  11 bullfrogs
  4 jellies
  2 scorpions
  A wight (D:12)
  18 killer bees
  A crimson imp (D:13)
  5 orc priests
  3 hounds
  An iguana (D:14)
  3 worker ants
  18 orc wizards
  5 hell rats (Lair:6)
  A hound skeleton (D:9)
  A mummy (D:9)
  4 gnolls (D:11)
  3 oozes (Lair:6)
  An adder zombie (D:9)
  11 worms (Lair:3)
  31 orcs
  A quokka (D:9)
  6 kobolds
  29 briar patches
  A fungus (Lair:5)
  A plant (Swamp:4)
425 creatures vanquished.

Vanquished Creatures (others)
  A komodo dragon (Swamp:1)
  A water moccasin (Lair:6)
  2 slaves (D:8)
  A howler monkey (D:8)
  A hound (D:8)
  2 orc wizards
  An adder (D:8)
  An adder skeleton (D:8)
  2 orcs (D:8)
  A giant cockroach (D:8)
  23 fungi
  11 plants
  4 snaplasher vines
51 creatures vanquished.

Grand Total: 1102 creatures vanquished

Notes
Turn   | Place    | Note
-------+----------+-------------------------------------------
     0 | D:1      | vev the Demigod Wizard began the quest for the Orb.
     0 | D:1      | Reached XP level 1. HP: 14/14 MP: 6/6
   103 | D:1      | Reached skill level 2 in Dodging
   189 | D:1      | Reached skill level 1 in Conjurations
   308 | D:1      | Reached skill level 2 in Stealth
   833 | D:1      | Reached XP level 2. HP: 20/20 MP: 1/8
  1194 | D:2      | HP: 2/20 [adder (3)]
  1200 | D:2      | HP: 1/20 [poisoned by an adder]
  1205 | D:1      | HP: 2/20 [poisoned by an adder]
  1697 | D:2      | Reached XP level 3. HP: 22/26 MP: 5/10
  1705 | D:2      | Reached skill level 3 in Spellcasting
  1813 | D:2      | Found a blossoming altar of Fedhas.
  2170 | D:3      | Noticed Natasha
  2189 | D:3      | Killed Natasha
  2189 | D:3      | Reached XP level 4. HP: 12/33 MP: 4/11
  2263 | D:3      | Found a faded altar of an unknown god.
  2263 | D:3      | Found a faded altar of an unknown god.
  2268 | D:3      | Found a faded altar of an unknown god.
  2270 | D:3      | Found a white marble altar of Elyvilon.
  2272 | D:3      | Found an iron altar of Okawaru.
  2423 | D:3      | Found a stormy altar of Qazlal.
  2777 | D:3      | Noticed Robin
  2803 | D:3      | Killed Robin
  2803 | D:3      | Reached skill level 2 in Conjurations
  3395 | D:4      | Noticed p0werm0de's ghost (amateur HuCK)
  3438 | D:3      | Learned a level 2 spell: Blink
  3442 | D:3      | Learned a level 3 spell: Conjure Flame
  3445 | D:3      | Learned a level 2 spell: Repel Missiles
  3473 | D:4      | Killed p0werm0de's ghost
  3473 | D:4      | Reached skill level 3 in Dodging
  3473 | D:4      | Reached skill level 3 in Stealth
  3473 | D:4      | Reached XP level 5. HP: 29/38 MP: 5/13
  3473 | D:4      | Reached XP level 6. HP: 35/45 MP: 5/14
  3756 | D:4      | Learned a level 3 spell: Mephitic Cloud
  3786 | D:4      | Reached skill level 3 in Conjurations
  3796 | D:4      | Reached skill level 4 in Spellcasting
  4371 | D:5      | Entered Level 5 of the Dungeon
  4563 | D:5      | Noticed Natasha
  4581 | D:5      | Killed Natasha
  4618 | D:5      | Noticed Natasha
  4629 | D:5      | Killed Natasha
  4663 | D:5      | Reached skill level 4 in Stealth
  4700 | D:5      | Reached XP level 7. HP: 28/51 MP: 11/16
  4716 | D:5      | Found a sand-covered staircase.
  4722 | Ossuary  | Entered an ossuary
  4955 | Ossuary  | Reached skill level 4 in Dodging
  5006 | Ossuary  | Reached skill level 1 in Fighting
  5506 | D:5      | You fall through a shaft for 2 floors!
  5637 | D:6      | Got a fine hat
  5696 | D:6      | Identified the +0 hat of Woysiler {*Contam rPois rF+ Int+2} (You found it on level 6 of the Dungeon)
  6034 | D:5      | Found a shimmering altar of Xom.
  6236 | D:6      | Found a staircase to the Ecumenical Temple.
  6443 | D:6      | Noticed a hungry ghost
  6449 | D:6      | Reached skill level 2 in Fighting
  6449 | D:6      | Reached skill level 4 in Conjurations
  6454 | D:6      | Killed a hungry ghost
  6454 | D:6      | Reached XP level 8. HP: 58/61 MP: 14/18
  6775 | D:6      | Reached skill level 5 in Stealth
  6775 | D:6      | Reached skill level 5 in Spellcasting
  6816 | D:7      | Noticed Miyamura's ghost (novice MfTm)
  6831 | D:7      | Killed Miyamura's ghost
  6831 | D:7      | Reached skill level 3 in Fighting
  6831 | D:7      | Reached skill level 5 in Dodging
  6831 | D:7      | Reached skill level 5 in Conjurations
  7229 | D:7      | Noticed Menkaure
  7237 | D:7      | Killed Menkaure
  7237 | D:7      | Reached XP level 9. HP: 71/71 MP: 14/21
  7413 | D:7      | Reached skill level 6 in Stealth
  7415 | D:7      | Found a deep blue altar of Sif Muna.
  7545 | D:7      | Learned a level 3 spell: Call Canine Familiar
  7643 | D:7      | Found a glowing golden altar of the Shining One.
  7672 | D:7      | Reached skill level 4 in Fighting
  7672 | D:7      | Reached skill level 1 in Summonings
  7701 | D:7      | Learned a level 3 spell: Stone Arrow
  7704 | D:7      | Learned a level 2 spell: Passwall
  7917 | D:7      | Reached skill level 1 in Earth Magic
  8629 | D:8      | Noticed Pikel
  8633 | D:8      | Killed Pikel
  8633 | D:8      | Reached skill level 6 in Dodging
  8633 | D:8      | Reached skill level 6 in Spellcasting
  8633 | D:8      | Reached skill level 2 in Summonings
  8633 | D:8      | Reached skill level 2 in Earth Magic
  9370 | D:8      | Reached skill level 3 in Earth Magic
  9478 | D:8      | Noticed a komodo dragon
  9490 | D:8      | Killed a komodo dragon
  9490 | D:8      | Reached skill level 6 in Conjurations
  9745 | D:8      | Found a staircase to the Lair.
  9844 | D:8      | Reached XP level 10. HP: 80/80 MP: 8/23
 10167 | D:8      | Reached skill level 5 in Fighting
 10167 | D:8      | Reached skill level 3 in Summonings
 10173 | D:8      | Gained mutation: Your flesh is heat resistant. (rF+) [mutagenic meat]
 10414 | Lair:1   | Entered Level 1 of the Lair of Beasts
 10465 | Lair:1   | Noticed a black mamba
 10576 | D:9      | Found Yheghuo's Antique Armour Shoppe.
 10579 | D:9      | Noticed Gastronok
 10757 | D:9      | Found Qos Qisui's Food Shop.
 10764 | D:9      | Reached skill level 1 in Air Magic
 11119 | D:9      | Killed Gastronok
 11119 | D:9      | Reached skill level 7 in Dodging
 11119 | D:9      | Reached skill level 3 in Air Magic
 11254 | D:9      | Bought a pair of embroidered gloves for 231 gold pieces
 11254 | D:9      | Bought a smoking helmet for 209 gold pieces
 11265 | D:9      | Identified the +2 helmet of Quagh {+Inv Stlth+} (You bought it in a shop on level 9 of the Dungeon)
 11750 | D:10     | Entered Level 10 of the Dungeon
 11750 | D:10     | Noticed a hill giant
 11931 | D:10     | Noticed a green ugly thing
 11946 | D:9      | Killed a green ugly thing
 11946 | D:9      | Reached skill level 4 in Summonings
 11946 | D:9      | Reached skill level 4 in Air Magic
 12425 | D:10     | Reached skill level 7 in Spellcasting
 12436 | D:10     | Learned a level 4 spell: Summon Lightning Spire
 12570 | D:10     | Reached XP level 11. HP: 86/86 MP: 3/25
 13059 | D:10     | Killed a hill giant
 13059 | D:10     | Reached skill level 7 in Conjurations
 13358 | D:11     | Found Foah's Antique Armour Shop.
 13361 | D:11     | Noticed an eight-headed hydra
 13818 | D:10     | Killed an eight-headed hydra
 14172 | D:11     | Found a staircase to the Orcish Mines.
 14193 | D:11     | Bought a jacinth-encrusted leather armour for 154 gold pieces
 14207 | D:11     | Identified the +1 leather armour "Tunweobi" {rElec rF- rN+++ Str-2} (You bought it in a shop on level 11 of the Dungeon)
 14527 | D:11     | Reached skill level 5 in Summonings
 14957 | D:11     | Reached skill level 5 in Air Magic
 15386 | D:11     | Reached skill level 8 in Dodging
 15982 | D:12     | Noticed an unseen horror
 15987 | D:12     | Killed an unseen horror
 16082 | D:12     | Noticed a hill giant
 16089 | D:12     | Killed a hill giant
 16745 | Lair:1   | Reached skill level 8 in Conjurations
 16754 | Lair:1   | Reached skill level 8 in Spellcasting
 16921 | Lair:1   | Noticed an eight-headed hydra
 17045 | Lair:1   | Noticed Grum
 17045 | Lair:1   | Killed an eight-headed hydra
 17054 | Lair:1   | Killed Grum
 17818 | Lair:2   | Found a staircase to the Swamp.
 17922 | Lair:2   | Reached XP level 12. HP: 94/94 MP: 19/28
 17993 | Lair:2   | Reached skill level 9 in Dodging
 18096 | Lair:2   | Noticed a five-headed hydra
 18102 | Lair:2   | Killed a five-headed hydra
 18650 | Lair:3   | Noticed a four-headed hydra
 18662 | Lair:3   | Killed a four-headed hydra
 18875 | Lair:3   | Noticed vev's ghost (journeyman NaWz)
 18895 | Lair:3   | Killed vev's ghost
 19683 | Lair:3   | Reached skill level 1 in Shields
 19688 | Lair:3   | Reached skill level 2 in Shields
 19696 | Lair:3   | Reached skill level 3 in Shields
 19724 | Lair:3   | Found a staircase to the Snake Pit.
 19845 | Lair:3   | Noticed a four-headed hydra
 19849 | Lair:3   | Killed a four-headed hydra
 19851 | Lair:3   | Reached skill level 4 in Shields
 20244 | Lair:4   | Reached skill level 9 in Conjurations
 20246 | Lair:4   | Reached skill level 6 in Fighting
 21136 | Lair:4   | HP: 7/97 [death yak (18)]
 21535 | Lair:4   | Reached skill level 9 in Spellcasting
 22265 | Lair:5   | Noticed a seven-headed hydra
 22271 | Lair:5   | Killed a seven-headed hydra
 22271 | Lair:5   | Reached XP level 13. HP: 104/104 MP: 14/30
 22395 | Lair:5   | Reached skill level 7 in Fighting
 23201 | Lair:6   | Entered Level 6 of the Lair of Beasts
 23486 | Lair:6   | Found a runed door.
 23486 | Lair:6   | Found a viscous altar of Jiyva.
 23487 | Lair:6   | Found a staircase to the Slime Pits.
 23557 | Lair:6   | Reached skill level 10 in Conjurations
 23716 | Lair:6   | Gained mutation: You passively map a small area around you. [potion of mutation]
 23716 | Lair:6   | Gained mutation: You are clumsy. (Dex -2) [potion of mutation]
 24304 | Lair:6   | Reached skill level 8 in Fighting
 24490 | Lair:6   | Reached skill level 10 in Spellcasting
 24671 | Lair:6   | Got a dazzling cloak
 24677 | Lair:6   | Identified the +2 cloak of Masochism {rF+} (You found it on level 6 of the Lair of Beasts)
 24735 | Lair:6   | Learned a level 1 spell: Apportation
 24737 | Lair:6   | Learned a level 1 spell: Summon Butterflies
 26574 | D:13     | Reached skill level 10 in Dodging
 26624 | D:13     | Reached skill level 1 in Translocations
 27492 | D:13     | Reached skill level 2 in Translocations
 28000 | D:14     | Reached skill level 9 in Fighting
 28434 | D:14     | Found a gate to the Vaults.
 28441 | D:14     | Reached XP level 14. HP: 94/118 MP: 18/33
 30076 | D:15     | Entered Level 15 of the Dungeon
 30415 | D:15     | Reached skill level 11 in Spellcasting
 31241 | Orc:1    | Entered Level 1 of the Orcish Mines
 31337 | Orc:1    | Reached skill level 11 in Dodging
 31395 | Orc:1    | Paralysed by an orc sorcerer for 7 turns
 31414 | Orc:1    | Found Eggaffot's Distillery.
 31517 | Orc:1    | Found a roughly hewn altar of Beogh.
 31809 | Orc:2    | Entered Level 2 of the Orcish Mines
 31994 | Orc:2    | Reached skill level 10 in Fighting
 32151 | Orc:2    | Found a roughly hewn altar of Beogh.
 32180 | Orc:2    | Found Vubb's Food Boutique.
 32180 | Orc:2    | Found Izew Jud's Antique Weapon Emporium.
 32378 | Orc:2    | Found Miulenk's Assorted Antiques.
 32378 | Orc:2    | Found Ubeaxyl's Magic Scroll Emporium.
 32390 | Orc:2    | Bought a scroll of identify for 22 gold pieces
 32390 | Orc:2    | Bought a scroll of identify for 22 gold pieces
 32392 | Orc:2    | Gained mutation: Your flesh is very heat resistant. (rF++) [potion of beneficial mutation]
 32463 | Orc:2    | Found a staircase to the Elven Halls.
 32667 | Orc:2    | Bought a slimy morningstar for 261 gold pieces
 32667 | Orc:2    | Identified the +3 morningstar of Causality {flame, rF+ Int+7} (You bought it in a shop on level 2 of the Orcish Mines)
 32868 | Orc:2    | Found Unashra's Assorted Antiques.
 32876 | Orc:2    | Bought a large jade ring for 140 gold pieces
 32876 | Orc:2    | Bought a twisted bronze wand for 112 gold pieces
 33728 | Swamp:1  | Entered Level 1 of the Swamp
 33865 | Swamp:1  | Found a frozen archway.
 33876 | IceCv    | Entered an ice cave
 33880 | IceCv    | Reached skill level 1 in Maces & Flails
 34469 | IceCv    | Reached skill level 2 in Maces & Flails
 35147 | Swamp:1  | Reached skill level 3 in Maces & Flails
 35170 | Swamp:1  | Learned a level 5 spell: Summon Forest
 35219 | Swamp:1  | Reached skill level 3 in Translocations
 35555 | Swamp:1  | Noticed Kirke
 35587 | Swamp:1  | Killed Kirke
 35587 | Swamp:1  | Reached skill level 6 in Summonings
 36072 | Swamp:2  | Reached skill level 4 in Maces & Flails
 36867 | Swamp:2  | Reached XP level 15. HP: 126/126 MP: 26/35
 37018 | Swamp:2  | Noticed a thorn hunter
 37034 | Swamp:2  | Reached skill level 4 in Translocations
 37036 | Swamp:2  | Reached skill level 5 in Maces & Flails
 37046 | Swamp:2  | Killed a thorn hunter
 37712 | Swamp:3  | Noticed a thorn hunter
 37723 | Swamp:3  | Killed a thorn hunter
 37723 | Swamp:3  | Reached skill level 7 in Summonings
 38003 | Swamp:3  | Reached skill level 6 in Maces & Flails
 38307 | Swamp:3  | Noticed a thorn hunter
 38337 | Swamp:3  | Killed a thorn hunter
 38337 | Swamp:3  | Reached skill level 5 in Translocations
 38765 | Swamp:4  | Entered Level 4 of the Swamp
 39317 | Swamp:4  | Noticed a thorn hunter
 39329 | Swamp:4  | Killed a thorn hunter
 39423 | Swamp:4  | Reached skill level 7 in Maces & Flails
 39689 | Swamp:4  | Noticed the 27-headed Lernaean hydra
 40063 | Swamp:4  | Got a blackened scale mail
 40311 | Swamp:4  | Identified the cursed +0 scale mail "Agiwu" {rF+ Str+3 Int+5} (You found it on level 4 of the Swamp)
 40528 | Swamp:4  | Killed the 27-headed Lernaean hydra
 40535 | Swamp:4  | Got a decaying rune of Zot
 40559 | Swamp:4  | Learned a level 2 spell: Sublimation of Blood
 41006 | Swamp:3  | Learned a level 3 spell: Ignite Poison
 41376 | Vaults:1 | Entered Level 1 of the Vaults
 41560 | Vaults:1 | Reached skill level 1 in Fire Magic
 41560 | Vaults:1 | HP: 1/128 [vault warden/enchanted long sword (49)]
 41563 | Vaults:1 | Reached skill level 1 in Transmutations
 41563 | Vaults:1 | Reached skill level 1 in Poison Magic
 41572 | Vaults:1 | Annihilated by a vault warden

Vault maps used:
D:1:      kennysheep_arrival_forest, minmay_quantized
D:2:      lemuel_round_altar
D:3:      chequers_temple_overflow_minitemple, first_bread,
          nicolae_qazlal_general_emergency, uniq_robin, uniq_natasha
D:5:      nicolae_ossuary_entry_plus, minivault_11, tgw_xom
D:7:      tso_oasis_becter, marbit_many_paths, grunt_ogre_cave, glass_columns_a,
          kennysheep_generic_room_7, uniq_menkaure
D:8:      erik_lair_dragon, uniq_pikel
D:9:      serial_undead, serial_undead_a, serial_undead_c, serial_undead_c,
          serial_undead_f, serial_undead_a, serial_undead_a, serial_undead_c,
          serial_shops, nicolae_shop_crystal, shop, uniq_gastronok
D:11:     minmay_orc_entry_guard_dogs, serial_shops,
          nicolae_shop_overgrown_old_shop, minmay_door_square
D:12:     special_room, serial_park_tiny_pond
D:14:     erik_vaults_1, kennysheep_generic_room_3
D:15:     grunt_enter_depths_hoard
Lair:1:   infiniplex_staircase_pool_2, uniq_grum
Lair:2:   swamp_mist_pool, st_stairs_5, lemuel_fruit_fields, lemuel_fruit_tree
Lair:3:   minmay_snake_entry_guardpost_medium, worms_lemuel,
          infiniplex_staircase_pool
Lair:4:   beast_lair_carwin_4, grunt_megastairs_1
Lair:6:   hangedman_lair_in_review, slime_altar_2, bobbens_dragon_lair_wall
Swamp:1:  portal_ice_cave_entry_pillars_three, evilmike_swamp_ruin_rubble_2,
          uniq_kirke
Swamp:2:  wheals_swamp_sinkhole
Swamp:3:  evilmike_swamp_ruin_house_5
Swamp:4:  grunt_swamp_rune_castle
Orc:1:    serial_shops, shop, basic_altar
Orc:2:    st_orc_town, serial_shops, shop
Vaults:1: nicolae_vaults_sealed_display, hangedman_vaults_hat,
          grunt_vaults_swirl, vaults_standard_mumra_lines,
          vaults_mumra_minichess_inversion, ontoclasm_vaults_decontamination,
          v_misc_11, nicolae_vaults_gold_heap
Ossuary:  ossuary_due_small_catacomb
IceCv:    ice_cave_statue_garden_chambered

Skill      XL: |  1  2  3  4  5  6  7  8  9 10 11 12 13 14 15 |
---------------+----------------------------------------------+-----
Dodging        | 2 3 4 5 6 7 8 9 10 11 | 11.9
Conjurations   | 1 2 3 4 5 6 8 9 10 | 10.7
Stealth        | 2 3 4 5 6 |  6.0
Spellcasting   | 3 4 5 6 7 8 9 10 11 | 11.7
Fighting       | 2 3 4 5 6 9 10 | 10.5
Summonings     | 2 4 5 6 7 |  7.3
Earth Magic    | 3 |  3.5
Air Magic      | 4 5 |  5.5
Shields        | 4 |  4.2
Translocations | 2 3 5 |  5.1
Maces & Flails | 4 7 |  7.9
Fire Magic     | 1 |  1.3
Transmutations | 1 |  1.0
Poison Magic   | 1 |  1.1

Action                   |  1- 3 |  4- 6 |  7- 9 | 10-12 | 13-15 || total
-------------------------+-------+-------+-------+-------+-------++-------
Melee: Unarmed           |     4 |       |       |       |       ||     4
       Mace              |    57 |   106 |       |       |       ||   163
       Trident           |       |    58 |   237 |       |   305 ||   600
       Spear             |       |       |   259 |       |       ||   259
       Short sword       |       |       |    23 |   443 |    69 ||   535
       Dagger            |       |       |     2 |       |       ||     2
       Morningstar       |       |       |       |       |   245 ||   245
Throw: Throwing net      |       |       |       |     1 |       ||     1
 Cast: Magic Dart        |    69 |    69 |   106 |    85 |       ||   329
       Conjure Flame     |       |     1 |    23 |    33 |    47 ||   104
       Blink             |       |     1 |    10 |    13 |    27 ||    51
       Repel Missiles    |       |     1 |     1 |     2 |     4 ||     8
       Mephitic Cloud    |       |     6 |    18 |    42 |    56 ||   122
       Stone Arrow       |       |       |    12 |   227 |   575 ||   814
       Call Canine Famil |       |       |     3 |    61 |    87 ||   151
       Summon Lightning  |       |       |       |    59 |   134 ||   193
       Passwall          |       |       |       |       |    12 ||    12
       Summon Butterflie |       |       |       |       |    19 ||    19
       Summon Forest     |       |       |       |       |    24 ||    24
       Apportation       |       |       |       |       |    12 ||    12
       Ignite Poison     |       |       |       |       |     4 ||     4
 Abil: Evoke Flight      |       |       |       |       |     3 ||     3
Evoke: Wand              |       |       |     5 |    12 |     9 ||    26
       Sack of spiders   |       |       |       |     1 |       ||     1
  Use: Potion            |       |     2 |       |       |     9 ||    11
       Scroll            |       |     5 |     1 |    15 |    23 ||    44
 Stab: Sleeping          |     4 |     5 |    21 |     4 |     3 ||    37
       Confused          |       |     2 |     6 |    12 |     9 ||    29
       Petrified         |       |       |     9 |       |       ||     9
       Petrifying        |       |       |     1 |       |       ||     1
       Distracted        |       |       |     2 |     8 |    11 ||    21
       Paralysed         |       |       |     2 |       |       ||     2
  Eat: Chunk             |     4 |     6 |    15 |    34 |    44 ||   103
       Meat ration       |       |     1 |     1 |       |     4 ||     6
       Pizza             |       |       |     2 |     2 |       ||     4
       Royal jelly       |       |       |       |     1 |       ||     1
Armor: Robe              |     7 |    28 |    53 |       |       ||    88
       Leather armour    |       |       |    12 |   155 |   233 ||   400
Dodge: Dodged            |    61 |   146 |   249 |   423 |   762 ||  1641
       Deflected         |       |     2 |     4 |     9 |    28 ||    43
Block: Buckler           |       |       |       |    27 |   233 ||   260
